 Dungeon Crawl Stone Soup version 0.30-a0-168-g0b976cbdc4 (webtiles) character file.

Game seed: 10888720821707868224

149 freelancePsychic the Slasher (level 5, -14/45 HPs)
             Began as a Draconian Reaver on Sept 29, 2022.
             Was an Initiate of Yredelemnul.
             Killed by an exploding butterfly (22 damage)
             ... ignited by their inner flame
             ... on level 4 of the Dungeon.
             The game lasted 00:03:47 (3189 turns).

freelancePsychic the Slasher (Draconian Reaver)     Turns: 3189, Time: 00:03:48

Health: -14/45     AC:  6    Str: 14    XL:     5   Next: 9%
Magic:  8/8        EV: 12    Int: 14    God:    Yredelemnul [......]
Gold:   147        SH:  0    Dex: 11    Spells: 7/8 levels left

rFire   . . .      SeeInvis .    a - +1 falchion
rCold   . . .      Faith    .    (no shield)
rNeg    . . .      Spirit   .    (body armour unavailable)
rPois   .          Reflect  .    (helmet restricted)
rElec   .          Harm     .    p - +0 cloak
rCorr   .          Rampage  .    (no gloves)
Will    .....                    (no boots)
Stlth   +.........               (no amulet)
HPRegen 0.15/turn                (no ring)
MPRegen 0.11/turn                (no ring)

@: no status effects
A: AC +5, unfitting armour, cold-blooded
a: Renounce Religion, Recall Undead Harvest


You were on level 4 of the Dungeon.
You worshipped Yredelemnul.
Yredelemnul was noncommittal.
You visited 1 branch of the dungeon, and saw 4 of its levels.

You collected 147 gold pieces.

Inventory:

Hand Weapons
 a - a +1 falchion (weapon)
Armour
 p - a +0 cloak (worn)
Jewellery
 k - a ring of fire
 q - an amulet of the acrobat
Scrolls
 c - a scroll of magic mapping {unknown}
 d - a scroll of brand weapon {unknown}
 e - a scroll of silence {unknown}
 h - a scroll of summoning {unknown}
Potions
 b - 3 potions of curing {unknown}
 f - a potion of invisibility {unknown}
 g - 2 potions of haste {@q3}
 i - a potion of heal wounds {@q2}
 j - a potion of brilliance {unknown}


   Skills:
 + Level 3.4 Fighting
 * Level 4.6 Long Blades
 - Level 1.7 Dodging
 - Level 2.0 Spellcasting
 - Level 3.0 Conjurations
 - Level 1.0 Necromancy
 + Level 1.9 Invocations


You had 7 spell levels left.
You knew the following spells:

 Your Spells              Type           Power      Damage    Failure   Level
a - Kiss of Death         Conj/Necr      28%        2d7       11%         1

Your spell library contained the following spells:

 Spells                   Type           Power      Damage    Failure   Level
 Momentum Strike          Conj/Tloc      10%        3d8       19%         2
 Ensorcelled Hibernation  Hex/Ice        2%         N/A       34%         2
 Hailstorm                Conj/Ice       5%         3d4       36%         3
 Mephitic Cloud           Conj/Pois/Air  4%         N/A       43%         3
 Ignite Poison            Fire/Tmut/Pois 1%         N/A       56%         3
 Kindle Blastsparks       Fire/Tloc/Air  2%         2d10      56%         3
 Spider Form              Tmut/Pois      1%         N/A       56%         3
 Anguish                  Hex/Necr       1%         N/A       88%         4
 Freezing Cloud           Conj/Ice/Air   2%         6-21      99%         5
 Malign Gateway           Summ/Tloc      0%         N/A       100%        7
 Summon Horrible Things   Summ           0%         N/A       100%        8


Dungeon Overview and Level Annotations

Branches:
Dungeon (4/15)
 Temple: D:4-7

Altars:
Ashenzari
Makhleb
Wu Jian
Yredelemnul

Annotations:
D:4 1 transporter


Innate Abilities, Weirdness & Mutations

Your plain brown scales are hard. (AC +5)
You cannot fit into any form of body armour.
You are cold-blooded and may be slowed by cold attacks.


Message History

Your butterfly explodes!
The fiery explosion engulfs your butterfly!!
Your butterfly disappears in a burst of colours!
The fiery explosion engulfs your butterfly!!
Your butterfly disappears in a burst of colours!
Your butterfly explodes!
The fiery explosion engulfs your butterfly!!
Your butterfly disappears in a burst of colours!
Your butterfly explodes!
The fiery explosion engulfs your butterfly!!
Your butterfly disappears in a burst of colours!
Your butterfly explodes!
The fiery explosion engulfs your butterfly!!
Your butterfly disappears in a burst of colours!
The fiery explosion engulfs your butterfly!
Your butterfly disappears in a burst of colours!
Your butterfly explodes! x2
The fiery explosion engulfs your butterfly!!
Your butterfly disappears in a burst of colours!
The fiery explosion engulfs your butterfly!!
Your butterfly disappears in a burst of colours!
Your butterfly explodes!
The fiery explosion engulfs your butterfly!!
Your butterfly disappears in a burst of colours!
Your butterfly explodes!
The fiery explosion engulfs your butterfly!!
Your butterfly disappears in a burst of colours!
The fiery explosion engulfs your butterfly!!
Your butterfly disappears in a burst of colours!
Your butterfly explodes! x2
The fiery explosion engulfs your butterfly!!
Your butterfly disappears in a burst of colours!
The fiery explosion engulfs you!
* * * LOW HITPOINT WARNING * * *
Your butterfly explodes!
The fiery explosion engulfs your butterfly!!
Your butterfly disappears in a burst of colours!
The fiery explosion engulfs you!!
You die...
Your body rises from the dead as a mindless zombie.

#§§######
#§§§§§§§§
#§§§§§§§§
#§§§§§§§§
#§§§§§§§§ .
#§§§§§§§§
#######§§§§§§§§
§§§§b§§@§§#
§§§§b##§§§# §§b
#§§§§b# §
#§§§#§b§# §§§§§
b§§ §§§§#§ §§
##§§§§§ §
§§#§##


There were no monsters in sight!

Vanquished Creatures
  2 gnolls (D:2)
  5 adders
  A worm (D:3)
  A dart slug (D:1)
  An orc (D:3)
  4 endoplasms
  A giant cockroach (D:1)
  5 goblins
  6 hobgoblins
  7 jackals
  4 kobolds
  A quokka (D:3)
  3 ball pythons
  2 bats (D:2)
  5 frilled lizards
  6 rats
54 creatures vanquished.

Vanquished Creatures (collateral kills)
  A gnoll (D:2)
  A ball python (D:1)
  2 bats
  3 endoplasms
  A giant cockroach (D:1)
  2 goblins
  3 hobgoblins
  A quokka (D:1)
  A kobold (D:1)
15 creatures vanquished.

Vanquished Creatures (others)
  An adder zombie (D:2)
  3 bat zombies
  A gnoll zombie (D:2)
  A ball python zombie (D:2)
  2 endoplasm zombies (D:2)
  A frilled lizard zombie (D:1)
  A giant cockroach zombie (D:1)
  2 hobgoblin zombies (D:2)
  2 jackal zombies (D:3)
  2 quokka zombies (D:1)
  3 plants (D:3)
19 creatures vanquished.

Grand Total: 88 creatures vanquished

Notes
Turn   | Place    | Note
-------+----------+-------------------------------------------
     0 | D:1      | freelancePsychic the Draconian Reaver began the quest for
                  | the Orb.
     0 | D:1      | Reached XP level 1. HP: 17/17 MP: 3/3
    84 | D:1      | Found a faded altar of an unknown god.
   118 | D:1      | Prayed at the altar of an unknown god.
   118 | D:1      | Became a worshipper of Yredelemnul the Dark
   118 | D:1      | Reached * piety under Yredelemnul
   286 | D:1      | Reached XP level 2. HP: 22/25 MP: 5/5
   369 | D:1      | Reached skill level 1 in Necromancy
   697 | D:1      | Reached ** piety under Yredelemnul
   742 | D:1      | Reached XP level 3. HP: 30/30 MP: 6/6
  1282 | D:2      | Found an ornate altar of the Wu Jian Council.
  1634 | D:2      | Reached skill level 4 in Long Blades
  1634 | D:2      | Reached skill level 1 in Invocations
  1646 | D:2      | Reached XP level 4. HP: 25/38 MP: 7/7
  2061 | D:3      | Found a broken altar of Ashenzari.
  2398 | D:3      | Found a burning altar of Makhleb.
  2706 | D:3      | Reached XP level 5. HP: 29/45 MP: 8/8
  3184 | D:4      | Found a transporter.
  3189 | D:4      | Killed by an exploding butterfly... ignited by their inner
                  | flame

Illustrated notes

Levels and vault maps discovered:
D:1:      heliophobic_arrival_ceremonial_halls, layout_loops_ring,
          dreamdust_ecumenical_altar_statues, minmay_tetromino_o4
D:2:      layout_basic, basic_altar, hex_intersection
D:3:      layout_basic, ashenzari_conservatory_becter,
          mainiacjoe_overflow_six_doors_small,
          hangedman_abyss_or_decor_lesser_grid, serial_bayou_ford_a,
          minmay_checkerbox
D:4:      gammafunk_cloud_chamber, layout_rooms, nicolae_vehumet_altar_sigil,
          serial_shops, shop, gup_ossuary_entry_pyramid

Skill      XL: |  1  2  3 |
---------------+----------+-----
Necromancy     | 1 |  1.0
Fighting       | 3 |  3.4
Long Blades    | 4 |  4.6
Invocations    | 1 |  1.9
Dodging        | |  1.7
Spellcasting   | |  2.0
Conjurations   | |  3.0

Action                   |  1- 3 |  4- 6 || total
-------------------------+-------+-------++-------
Melee: Falchion          |   122 |    81 ||   203
       Tailslap          |     7 |    11 ||    18
  Use: Scroll            |       |     7 ||     7
 Stab: Distracted        |     2 |     1 ||     3
       Sleeping          |     1 |       ||     1
Armor: Skin              |    38 |    28 ||    66
Dodge: Dodged            |   105 |    52 ||   157

Table legend: (Time is in decaauts)
 A = Elapsed time spent in this place.
 B = Non-inter-level travel time spent in this place.
 C = Inter-level travel time spent in this place.
 D = Time resting spent in this place.
 E = Time spent auto-exploring this place.
 F = Levels seen in this place.
 G = Mean time per level.
                   A        B        C        D        E       F      G
               +--------+--------+--------+--------+--------+-----+--------+
         Total |   3327 |   3228 |     99 |      0 |   2746 |   4 |  831.8 |
       Dungeon |   3327 |   3228 |     99 |      0 |   2746 |   4 |  831.8 |
               +--------+--------+--------+--------+--------+-----+--------+

Top non-repeatable levels by time:
     D:3: 1342 daAuts
     D:1: 1097 daAuts
     D:2: 882 daAuts
     D:4: 4 daAuts
